cohdb
Replays
Latest Replays
All Replays
Popular Replays
Top Player Replays
Match Explorer
How It Works
Community
CoH3 Stats
Reddit
Sign in to upload your games and track your stats! →
Sign in with Steam
Match 41112707
Unlisted
Match 41112707
Overview
Messages
Build Orders
End
Construct Barracks
Engineer Squad
Selects Advanced Infantry Battlegroup
Riflemen Squad
Riflemen Squad
Grenade Package
Construct Weapon Support Center
Selects Convert to Ranger Squad
Construct Medical Station
Convert to Ranger Squad
Selects Artillery Observers
Selects Frontline Medical Station
Frontline Medical Station
Air Support Center
Grasshopper Recon Run
M1918 Browning Automatic Rifles
Grasshopper Recon Run
Convert to Ranger Squad
Grasshopper Recon Run
Selects Ranger Weapon Training
Construct Motor Pool
M8 Greyhound Armored Car
Grasshopper Recon Run
Selects M2A1 105mm Howitzer Emplacement
Riflemen Squad
Grasshopper Recon Run
M24 Chaffee Light Tank
heroscarface
WhatTheHell
BigTiddyLebron
kreumat
0
0
Comments
sign in to comment!
No comments posted yet!